 Dungeon Crawl Stone Soup version 0.30-a0-799-g109b55a442 (webtiles) character file.

Game seed: 770139510586908472

39787 cforsyth the Warrior (level 14, -3/117 HPs)
             Began as a Djinni Conjurer on Feb 20, 2023.
             Slain by a slime creature (18 damage)
             ... on level 1 of the Pits of Slime.
             The game lasted 00:45:54 (18100 turns).

cforsyth the Warrior (Djinni Conjurer)             Turns: 18100, Time: 00:45:54

Health: -3/117     AC:  4    Str:  6    XL:     14   Next: 41%
Gold:   893        EV: 12    Int: 26    God:
                   SH:  0    Dex: 11

rFire   + + .      SeeInvis .    (no weapon)
rCold   x . .      Faith    .    (no shield)
rNeg    . . .      Spirit   .    a - +0 robe
rPois   ∞          Reflect  .    f - +2 helmet of Hedge Wizardry {Will+}
rElec   .          Harm     .    k - +2 cloak {rCorr}
rCorr   +          Rampage  .    (no gloves)
Will    ++...                    (boots unavailable)
Stlth   ++                       (no amulet)
HPRegen 0.39/turn                r - ring of wizardry
MPRegen 0.00/turn                w - ring of wizardry

@: corroded, flying
A: sickness immunity, fire resistance 2, cold vulnerability 1, float, innate
caster, HP casting, extra vitality 1
a: no special abilities


You were on level 1 of the Pits of Slime.
You visited 3 branches of the dungeon, and saw 16 of its levels.
You also visited: Sewer.

You collected 905 gold pieces.
You spent 12 gold pieces at shops.

Inventory:

Missiles
 d - a throwing net
Armour
 a - a +0 robe (worn)
 f - the +2 helmet of Hedge Wizardry (worn) {Will+}
   (You acquired it on level 5 of the Dungeon)

   Will:      It increases your willpower.
 k - a +2 cloak of preservation (worn)
 t - a +2 hat
Jewellery
 r - a ring of wizardry (left hand)
 s - a ring of willpower
 u - a ring of ice
 w - a ring of wizardry (right hand)
 F - a ring of ice
 I - a ring of resist corrosion
Wands
 j - a wand of flame (22)
 n - a wand of digging (14)
 x - a wand of mindburst (27)
Scrolls
 b - 5 scrolls of enchant armour
 i - 8 scrolls of poison
 p - 2 scrolls of fog
 q - 4 scrolls of amnesia
 v - a scroll of teleportation
 y - a scroll of fear {unknown}
 z - 3 scrolls of identify
 B - a scroll of enchant weapon {unknown}
 C - a scroll of butterflies
 D - a scroll of vulnerability {unknown}
 E - 6 scrolls of magic mapping {unknown}
 H - a scroll of immolation {unknown}
 K - a scroll of silence {unknown}
Potions
 c - 2 potions of flight {unknown}
 e - a potion of curing
 g - 3 potions of lignification {unknown}
 h - 4 potions of resistance
 l - 4 potions of brilliance
 m - 2 potions of berserk rage
 o - 6 potions of mutation
 A - 3 potions of attraction
 G - a potion of cancellation {unknown}
 J - 2 potions of magic {unknown}
 L - a potion of might {unknown}


   Skills:
 + Level 16.7 Fighting
 - Level 2.1 Dodging
 - Level 1.5 Stealth
 + Level 13.6 Spellcasting


You knew the following spells:

 Your Spells              Type           Power      Damage    Failure   Level
a - Magic Dart            Conj           100%       1d8       0%          1
b - Searing Ray           Conj           100%       2d8       0%          2
c - Dazzling Flash        Conj/Hex       100%       N/A       1%          3
d - Fulminant Prism       Conj/Hex       36%        3d17      1%          4
e - Iskenderun's Mystic   Conj/Tloc      73%        2d15      1%          4
f - Sting                 Tmut/Pois      100%       1d8       0%          1
g - Passwall              Tmut/Erth      60%        N/A       0%          2
h - Poisonous Vapours     Pois/Air       100%       N/A       0%          2
i - Mephitic Cloud        Conj/Pois/Air  73%        N/A       1%          3
j - Passage of Golubria   Tloc           73%        N/A       1%          4
k - Fireball              Conj/Fire      36%        3d15      1%          5
Your spell library was empty.

Dungeon Overview and Level Annotations

Branches:
Dungeon (9/15)             Temple (0/1) D:5            Lair (5/5) D:9
  Snake (0/4) Lair:2        Slime (2/5) Lair:5        Sewer (visited)
  Swamp: Lair:2-3    Shoals: Lair:2-3       Orc: D:9-12

Altars:
Uskayaw

Shops:
D:1 !   D:3 (   D:4 [

Annotations:
Lair:3 3 runed translucent doors


Innate Abilities, Weirdness & Mutations

You are immune to sickness and miasma.
You are immune to poison.
Your flesh is very heat resistant. (rF++)
You are vulnerable to cold. (rC-)
You float through the air rather than walking.
You learn spells naturally, not from books.
Your magical power is your life essence.
You have superior vitality. (+4 MHP)


Message History

The mystic blast hits the slime creature!!
The slime creature is heavily wounded.
The slime creature hits you!
The slime creature hits you but does no damage.
The slime creature barely misses you.
Casting: Iskenderun's Mystic Blast (safe; 1% risk of failure)
Confirm with . or Enter, or press ? or * to list all spells.
You erupt in a blast of force!
The mystic blast hits the slime creature!!
The slime creature is severely wounded.
The mystic blast hits the slime creature!!
The slime creature is almost dead.
The slime creature is knocked back by the mystic blast.
The mystic blast hits the slime creature!!
The slime creature is almost dead.
* * * LOW HITPOINT WARNING * * *
The slime creature hits you but does no damage.
The slime creature hits you!
* * * LOW HITPOINT WARNING * * *
Casting: Iskenderun's Mystic Blast (safe; 1% risk of failure)
Confirm with . or Enter, or press ? or * to list all spells.
You erupt in a blast of force!
The mystic blast hits the slime creature!
The slime creature is heavily wounded.
The slime creature is knocked back by the mystic blast.
The slime creature slams into the slime covered rock wall!
The slime creature is severely wounded.
The mystic blast hits the slime creature!
You kill the slime creature!
The mystic blast hits the slime creature.
The slime creature is almost dead.
The mystic blast hits the slime creature.
The slime creature is almost dead.
* * * LOW HITPOINT WARNING * * *
The slime creature hits you!
* * * LOW HITPOINT WARNING * * *
The slime creature hits you but does no damage.
Okay, then.
You feel better. The slime creature hits you!!
You die...

##...............#...#.##
#................#.....##
##......................#
#.......#...###..#......#
##.#.....#..##.........##
##..............#.....#
#..........J.........##
#...........J........#
#..........@........##
##..###....J.#.......#
#####.......#..<...##
#.....#..........#### #
##..............#...##
#.. ##..................#
#..#..................##
#......................##
##.#....................#


You could see 3 slime creatures.

Vanquished Creatures
  An acid blob (Slime:1)
  Kirke (Lair:4)
  A quicksilver ooze (Lair:5)
  A fire dragon (Lair:5)
  3 hydras
  A catoblepas (Lair:5)
  3 death yaks (Lair:5)
  A boulder beetle (Lair:2)
  A swamp dragon (Lair:5)
  A lindwurm (Lair:5)
  Pikel (D:4)
  2 manticores (Lair:5)
  4 black mambas
  7 elephants
  3 torpor snails
  9 cane toads
  Maggie (D:9)
  7 rime drakes
  5 komodo dragons
  2 polar bears
  Prince Ribbit (D:8)
  20 blink frogs
  3 dream sheep (Lair:5)
  3 slime creatures
  6 wyverns
  5 hogs (Lair:4)
  26 yaks
  4 basilisks
  3 golden eyes
  5 steam dragons (Lair:5)
  3 acid dragons
  Edmund (D:6)
  3 nagas (Lair:2)
  16 water moccasins
  2 ice beasts
  4 black bears
  An ogre (D:3)
  3 sky beasts
  3 wolves (Lair:4)
  4 centaurs
  A lemure (D:4)
  4 phantoms
  Blork the orc (D:4)
  A kobold brigand (D:7)
  9 bullfrogs
  A necrophage (D:7)
  5 scorpions
  3 wights (D:7)
  10 killer bees
  A howler monkey (D:8)
  A lava snake (D:7)
  5 jellies
  A hound (D:6)
  2 orc priests
  Crazy Yiuf (D:2)
  4 iguanas
  5 orc wizards
  7 gnolls
  11 adders
  2 white imps
  A worm (D:2)
  A dart slug (D:1)
  18 orcs
  10 endoplasms
  11 giant cockroaches
  7 goblins
  10 hobgoblins
  4 jackals (D:3)
  6 kobolds
  12 quokkas
  7 ball pythons
  2 bats (D:1)
  10 frilled lizards
  7 rats
352 creatures vanquished.

Vanquished Creatures (others)
  A dream sheep (Lair:5)
  A bush (Lair:3)
  A demonic plant (D:3)
  241 fulminant prisms
  70 fungi
  106 plants
  A withered plant (D:3)
421 creatures vanquished.

Grand Total: 773 creatures vanquished

Notes
Turn   | Place    | Note
-------+----------+-------------------------------------------
     0 | D:1      | cforsyth the Djinni Conjurer began the quest for the Orb.
     0 | D:1      | cforsyth set off with the following spells memorised: Magic
                  | Dart, Searing Ray, Dazzling Flash, Fulminant Prism,
                  | Iskenderun's Mystic Blast.
     0 | D:1      | Reached XP level 1. HP: 15/15 MP: 0/0
    89 | D:1      | Reached skill level 1 in Fighting
    89 | D:1      | Reached XP level 2. HP: 17/22 MP: 0/0
   306 | D:1      | Found Okkofyec's Distillery.
   310 | D:1      | Reached XP level 3. HP: 25/27 MP: 0/0
   310 | D:1      | Learned a level 1 spell: Sting
   327 | D:1      | Bought a potion of degeneration for 12 gold pieces
   610 | D:2      | Reached skill level 2 in Fighting
   632 | D:2      | Reached XP level 4. HP: 24/33 MP: 0/0
   812 | D:2      | Reached XP level 5. HP: 7/40 MP: 0/0
   812 | D:2      | Learned a level 2 spell: Passwall
  1419 | D:2      | Found a runed translucent door.
  1420 | D:2      | Noticed Crazy Yiuf
  1436 | D:2      | Killed Crazy Yiuf
  1437 | D:2      | Reached skill level 3 in Fighting
  1686 | D:3      | Noticed a phantom
  1696 | D:3      | Killed a phantom
  1697 | D:3      | Reached XP level 6. HP: 16/47 MP: 0/0
  1832 | D:3      | Found a faded altar of an unknown god.
  1989 | D:3      | Found Uduqaweq's Antique Weapon Boutique.
  2042 | D:3      | Reached skill level 4 in Fighting
  2364 | D:3      | Noticed an ogre
  2372 | D:3      | Killed an ogre
  2571 | D:4      | Noticed a black bear
  2578 | D:4      | Killed a black bear
  2579 | D:4      | Reached skill level 5 in Spellcasting
  2579 | D:4      | Reached XP level 7. HP: 37/53 MP: 0/0
  2579 | D:4      | Learned a level 2 spell: Poisonous Vapours
  2831 | D:4      | Found Nufuzxek's Antique Armour Shoppe.
  2856 | D:4      | Noticed Blork the orc
  2865 | D:4      | Killed Blork the orc
  2866 | D:4      | Reached skill level 5 in Fighting
  2871 | D:4      | Noticed Pikel
  2890 | D:4      | Killed Pikel
  2891 | D:4      | Reached skill level 6 in Fighting
  2891 | D:4      | Reached XP level 8. HP: 18/62 MP: 0/0
  3476 | D:4      | Found a hide-covered altar of Uskayaw.
  3641 | D:5      | Entered Level 5 of the Dungeon
  3657 | D:5      | Identified a scroll of acquirement
  3659 | D:5      | Acquired the +2 helmet of Hedge Wizardry {Will+}
  3778 | D:5      | Found a glowing drain.
  3800 | Sewer    | Entered a sewer
  3997 | Sewer    | Reached skill level 7 in Fighting
  4398 | D:5      | Reached XP level 9. HP: 50/68 MP: 0/0
  4398 | D:5      | Learned a level 3 spell: Mephitic Cloud
  4716 | D:5      | Found a staircase to the Ecumenical Temple.
  5034 | D:6      | Reached skill level 8 in Fighting
  5332 | D:6      | Noticed Edmund
  5341 | D:6      | Killed Edmund
  5990 | D:6      | Reached skill level 9 in Fighting
  6365 | D:6      | Reached XP level 10. HP: 70/78 MP: 0/0
  6957 | D:7      | Reached skill level 10 in Fighting
  7831 | D:8      | Noticed Prince Ribbit
  7836 | D:8      | Killed Prince Ribbit
  8390 | D:9      | Noticed an elephant
  8393 | D:9      | Reached skill level 11 in Fighting
  8399 | D:9      | Reached XP level 11. HP: 77/87 MP: 0/0
  8399 | D:9      | Learned a level 4 spell: Passage of Golubria
  8401 | D:9      | Killed an elephant
  8442 | D:9      | Found a staircase to the Lair.
  8520 | D:9      | Noticed Maggie
  9034 | D:9      | Killed Maggie
  9080 | Lair:1   | Entered Level 1 of the Lair of Beasts
  9269 | Lair:1   | Noticed a boulder beetle
  9302 | Lair:2   | Reached skill level 12 in Fighting
  9302 | Lair:2   | Reached skill level 10 in Spellcasting
  9921 | Lair:2   | Found a staircase to the Snake Pit.
  9924 | Lair:2   | Noticed an eight-headed hydra
  9932 | Lair:2   | Killed an eight-headed hydra
  9964 | Lair:2   | Reached XP level 12. HP: 57/96 MP: 0/0
 10688 | Lair:3   | Reached skill level 13 in Fighting
 10692 | Lair:3   | Noticed a boulder beetle
 11010 | Lair:2   | Killed a boulder beetle
 11484 | Lair:3   | Found a runed translucent gate.
 11484 | Lair:3   | Found a runed translucent gate.
 11484 | Lair:3   | Found a runed translucent gate.
 11764 | Lair:4   | Noticed Kirke
 11778 | Lair:4   | Noticed a sphinx
 12371 | Lair:4   | Reached skill level 14 in Fighting
 12966 | Lair:4   | HP: 5/101 [manticore/volley of spikes[Kirke] (14)]
 13000 | Lair:4   | HP: 1/101 [black mamba (12)]
 13138 | Lair:3   | Reached XP level 13. HP: 27/106 MP: 0/0
 13138 | Lair:3   | Learned a level 5 spell: Fireball
 13849 | Lair:4   | Killed Kirke
 13963 | Lair:5   | Entered Level 5 of the Lair of Beasts
 14216 | Lair:5   | Reached skill level 15 in Fighting
 14223 | Lair:5   | Noticed a six-headed hydra
 14233 | Lair:5   | Killed a six-headed hydra
 15078 | Lair:5   | Found a staircase to the Slime Pits.
 15271 | Lair:5   | Noticed an eight-headed hydra
 15279 | Lair:5   | Killed an eight-headed hydra
 15832 | Lair:5   | Reached skill level 16 in Fighting
 15832 | Lair:5   | Reached XP level 14. HP: 50/116 MP: 0/0
 17259 | Slime:1  | Entered Level 1 of the Pits of Slime
 17259 | Slime:1  | Noticed an acid blob
 17261 | Slime:1  | Noticed a quicksilver ooze
 17270 | Lair:5   | Killed a quicksilver ooze
 17483 | Slime:1  | Killed an acid blob
 17734 | Slime:2  | Noticed an acid blob
 17734 | Slime:2  | Noticed an acid blob
 18099 | Slime:1  | HP: 4/117 [slime creature (17)]
 18100 | Slime:1  | Slain by a slime creature

Illustrated notes

Levels and vault maps discovered:
D:1:      dpeg_arrival_connections, layout_rooms, serial_shops,
          nicolae_shop_crystal
D:2:      layout_rooms, lightli_corner_chamber, uniq_crazy_yiuf_cottage
D:3:      layout_basic, shapermc_ecumenical_altar_gd, serial_shops, shop,
          kennysheep_generic_room_3
D:4:      layout_loops_cross, mainiacjoe_overflow_brackets, serial_shops,
          nicolae_shop_hallway_plus, uniq_blork_the_orc, uniq_pikel
D:5:      layout_loops_corners, temple_hall, gup_sewer_entry_glass
D:6:      layout_gridville, mrwooster_statue_mirror, uniq_edmund
D:7:      layout_cave_pools, kennysheep_diamond, minmay_misc_feat_hallway
D:8:      layout_rooms, uniq_prince_ribbit1
D:9:      layout_gridville, grunt_temple_overflow_cloverleaf,
          david_lair_generic, corexii_checkpoint_b, uniq_maggie, uniq_erolcha
Lair:1:   gammafunk_boulding_lane, layout_regular_city, beast_lair_carwin_7
Lair:2:   layout_concentric_octagons, guppyfry_snake_entry_garden
Lair:3:   layout_chaotic_city, skrybe_swamp_entry_bodies,
          gammafunk_ghost_hydra_chop
Lair:4:   layout_concentric_octagons, grunt_megastairs_1, uniq_kirke
Lair:5:   hangedman_lair_in_review, layout_hall_layers,
          guppyfry_lair_end_dragon, minmay_slime_entry_pillars
Slime:1:  layout_caves
Slime:2:  layout_caves

Skill      XL: |  1  2  3  4  5  6  7  8  9 10 11 12 13 |
---------------+----------------------------------------+-----
Fighting       | 1 2 3 4 6 7 9 11 12 14 16 | 16.7
Spellcasting   | 4 5 6 7 9 10 11 13 | 13.6
Dodging        | |  2.1
Stealth        | |  1.5

Action                     |  1- 3 |  4- 6 |  7- 9 | 10-12 | 13-15 || total
---------------------------+-------+-------+-------+-------+-------++-------
  Melee: Unarmed           |       |       |       |     3 |       ||     3
   Cast: Magic Dart        |    57 |    65 |   160 |    57 |    25 ||   364
         Fulminant Prism   |       |     9 |     7 |   125 |   100 ||   241
         Iskenderun's Myst |       |    10 |    53 |   106 |    52 ||   221
         Poisonous Vapours |       |       |     3 |     2 |       ||     5
         Mephitic Cloud    |       |       |     2 |       |       ||     2
         Fireball          |       |       |       |       |    15 ||    15
    Use: Scroll            |       |       |     9 |    10 |       ||    19
         Potion            |       |       |       |     3 |     3 ||     6
 Armour: Robe              |     3 |     4 |    13 |    20 |    13 ||    53
  Dodge: Dodged            |     4 |    15 |    27 |    31 |    15 ||    92

Table legend: (Time is in decaauts)
 A = Elapsed time spent in this place.
 B = Non-inter-level travel time spent in this place.
 C = Inter-level travel time spent in this place.
 D = Time resting spent in this place.
 E = Time spent auto-exploring this place.
 F = Levels seen in this place.
 G = Mean time per level.
                   A        B        C        D        E       F      G
               +--------+--------+--------+--------+--------+-----+--------+
         Total |  18090 |  17738 |    352 |   3018 |  12282 |  17 | 1064.1 |
       Dungeon |   8734 |   8524 |    210 |   1137 |   6292 |   9 |  970.4 |
          Lair |   8371 |   8253 |    118 |   1528 |   5503 |   5 | 1674.2 |
    Slime Pits |    638 |    615 |     23 |    353 |    226 |   2 |  319.0 |
         Sewer |    346 |    346 |      0 |      0 |    261 |   1 |  346.0 |
               +--------+--------+--------+--------+--------+-----+--------+

Top non-repeatable levels by time:
  Lair:5: 3511 daAuts
  Lair:2: 1867 daAuts
  Lair:4: 1862 daAuts
     D:6: 1573 daAuts
     D:8: 1278 daAuts
     D:3: 1130 daAuts
     D:2: 1090 daAuts
     D:7: 1051 daAuts
     D:5: 965 daAuts
     D:4: 939 daAuts
  Lair:3: 912 daAuts
 Slime:1: 629 daAuts
     D:1: 488 daAuts
   Sewer: 346 daAuts
  Lair:1: 216 daAuts
